 Dungeon Crawl Stone Soup version 0.22-a0-448-g1fb7470005 (webtiles) character file.

205 Oravi the Changer (level 5, 0/37 HPs)
             Began as a Merfolk Transmuter on June 4, 2018.
             Killed from afar by an orc wizard (8 damage)
             ... with a magic dart
             ... on level 3 of the Dungeon.
             The game lasted 00:08:03 (2857 turns).

Oravi the Changer (Merfolk Transmuter)              Turns: 2857, Time: 00:08:04

Health: 0/37       AC:  2    Str: 10    XL:     5   Next: 83%
Magic:  5/8        EV: 21    Int: 13    God:
Gold:   189        SH:  0    Dex: 20    Spells: 2/8 levels left

rFire    . . .     SeeInvis .     - Unarmed
rCold    . . .     Gourm    +   (shield currently unavailable)
rNeg     . . .     Faith    .   (armour currently unavailable)
rPois    x         Spirit   .   (helmet currently unavailable)
rElec    .         Reflect  .   (cloak currently unavailable)
rCorr    .         Harm     .   (gloves currently unavailable)
MR       .....                  (boots currently unavailable)
Stlth    +.........             o - amulet of the gourmand
HPRegen  0.12/turn              (no ring)
MPRegen  0.11/turn              (no ring)

@: confused, spider-form
A: tiny, (change form in water), (swift swim), (stealthy swim)
a: End Transformation


You were on level 3 of the Dungeon.
You were near starving.
You were a venomous arachnid creature.
You visited 1 branch of the dungeon, and saw 3 of its levels.

You collected 189 gold pieces.

Inventory:

Missiles
 a - 61 arrows
Armour
 b - a +1 robe (melded)
 s - a +0 shield
Jewellery
 o - an amulet of the gourmand (around neck)
Wands
 c - a wand of polymorph (7)
Scrolls
 g - a scroll of teleportation
Potions
 e - a potion of might
 j - 2 potions of haste
 k - a potion of invisibility
Comestibles
 d - 8 rations


   Skills:
 + Level 1.5 Fighting
 + Level 3.0 Dodging
 * Level 3.7 Unarmed Combat
 - Level 2.0 Spellcasting
 - Level 6.0 Transmutations
 - Level 3.0 Poison Magic


You had 2 spell levels left.
You knew the following spells:

 Your Spells              Type           Power        Failure   Level  Hunger
a - Beastly Appendage     Tmut           ###...       9%          1    ##.....
b - Sticks to Snakes      Tmut           ###.....     11%         2    ###....
c - Spider Form           Tmut/Pois      ##........   28%         3    ####...

Your spell library contained the following spells:

 Spells                   Type           Power        Failure   Level  Hunger
 Blade Hands              Tmut           ###.......   73%         5    ######.
 Ice Form                 Ice/Tmut       #.......     78%         4    #####..


Dungeon Overview and Level Annotations

Branches:
Dungeon (3/15)

Altars:
Hepliaklqana
Okawaru
Qazlal
Yredelemnul


Message History

The orc wizard barely misses you.
The orc wizard hits you but does no damage.
The orc wizard casts a spell at you. You resist with some effort.
You bite the orc wizard!
The orc wizard looks as sick as possible!
The orc wizard is severely wounded.
The orc wizard mumbles some strange words.
The orc wizard blinks!
The orc wizard completely misses you.
You barely miss the orc wizard.
The orc wizard is severely wounded.
The orc completely misses you. The orc wizard casts a spell at you.
You are confused.
You're too confused to move!
The orc wizard gestures wildly while chanting.
The orc wizard blinks!
The orc wizard gestures at you while chanting.
The magic dart hits you!
You die...

#..≈≈≈..# #..≈!≈..#
#######..≈≈≈..####
#>...............#
#.#.........####+#####
#.#.#######..........#
#.#.# #.####.....# #.#.###
###....#.....# #.#.#oos#
#...##.#.....#
#...§Ko####....#.#.....#
#...#.#.o......_.........#
## #.#.##.#.#....###....#
#......#.##...# #...##
#.#.##.#....### #...##
#o#.#..####.# #...##
........ ..# #.....
####.#### #. #....#


You could see 2 orc wizards, 3 orcs and a kobold.

Vanquished Creatures
  Jessica (D:2)
  Natasha (D:3)
  4 gnolls
  5 adders
  2 oozes (D:3)
  A worm (D:3)
  A dart slug (D:1)
  A leopard gecko (D:3)
  4 orcs
  8 bats (D:1)
  3 giant cockroaches (D:1)
  8 goblins
  4 hobgoblins
  A quokka (D:3)
  A ball python (D:2)
  2 frilled lizards
  6 kobolds
  7 rats
  A spectral orc (D:2)
61 creatures vanquished.

Notes
Turn   | Place    | Note
-------+----------+-------------------------------------------
     0 | D:1      | Oravi the Merfolk Transmuter began the quest for the Orb.
     0 | D:1      | Reached XP level 1. HP: 15/15 MP: 3/3
    28 | D:1      | Reached skill level 3 in Transmutations
    75 | D:1      | Reached XP level 2. HP: 19/21 MP: 5/5
   227 | D:1      | Reached skill level 4 in Transmutations
   587 | D:1      | Reached XP level 3. HP: 25/26 MP: 4/6
   591 | D:1      | Learned a level 2 spell: Sticks to Snakes
   595 | D:1      | Learned a level 3 spell: Spider Form
   995 | D:2      | Reached skill level 1 in Poison Magic
  1033 | D:2      | Noticed Jessica
  1054 | D:2      | Killed Jessica
  1054 | D:2      | Reached skill level 5 in Transmutations
  1054 | D:2      | Reached XP level 4. HP: 32/32 MP: 5/7
  1078 | D:2      | Found an iron altar of Okawaru.
  1110 | D:2      | Found a stormy altar of Qazlal.
  1401 | D:2      | Found a basalt altar of Yredelemnul.
  1985 | D:2      | Reached XP level 5. HP: 32/37 MP: 4/8
  2165 | D:3      | Reached skill level 6 in Transmutations
  2564 | D:3      | Noticed Natasha
  2570 | D:3      | Killed Natasha
  2814 | D:3      | Found a hazy altar of Hepliaklqana.
  2857 | D:3      | Killed from afar by an orc wizard

Vault maps used:
D:1:      evilmike_arrival_fibonacci_small, minmay_misc_feat_x
D:2:      nicolae_overflow_hidden_temple, yredelemnul_forgotten_temple_becter,
          okawaru_trees_2, uniq_jessica
D:3:      nicolae_overflow_crystal_walls, corexii_item_surrounded_by_moat,
          minmay_randomly_rotated_circles, uniq_natasha

Skill      XL: |  1  2  3  4  5 |
---------------+----------------+-----
Transmutations | 3 4 5 6 |  6.0
Poison Magic   | 1 2 3 |  3.0
Dodging        | 3 |  3.0
Fighting       | |  1.5
Unarmed Combat | |  3.7
Spellcasting   | |  2.0

Action                   |  1- 3 |  4- 6 || total
-------------------------+-------+-------++-------
Melee: Unarmed           |    87 |   113 ||   200
       Headbutt          |    10 |       ||    10
 Cast: Beastly Appendage |    18 |       ||    18
       Spider Form       |     2 |    20 ||    22
  Use: Scroll            |       |    13 ||    13
       Potion            |       |     1 ||     1
  Eat: Chunk             |     1 |     7 ||     8
Armor: Robe              |    14 |     1 ||    15
       Skin              |       |     4 ||     4
Dodge: Dodged            |    90 |   105 ||   195

Table legend:
 A = Spawn XP
 B = Non-spawn XP
 C = Spawn XP percentage of total XP
 D = Spawn monster count
 E = Non-spawn monster count
 F = Spawn count percentage of total count
 G = Total turns spent on level
                    A         B        C        D         E        F      G
               +---------+---------+-------+---------+---------+-------+---------
         Total |       0 |     294 |   0.0 |       0 |      61 |   0.0 |  2857
               +---------+---------+-------+---------+---------+-------+---------
           D:1 |       0 |      45 |   0.0 |       0 |      25 |   0.0 |   947
           D:2 |       0 |     147 |   0.0 |       0 |      18 |   0.0 |  1059
           D:3 |       0 |     102 |   0.0 |       0 |      18 |   0.0 |   851
               +---------+---------+-------+---------+---------+-------+---------
